 Dungeon Crawl Stone Soup version 0.28.0-47-ge53b351184 (webtiles) character file.

Game seed: 10995706377671867528

85057 pkoi the Cruncher (level 14, -4/113 HPs)
             Began as a Demigod Gladiator on May 9, 2022.
             Killed from afar by a will-o-the-wisp (10 damage)
             ... with a foxfire
             ... on level 1 of the Swamp.
             The game lasted 01:44:31 (62177 turns).

pkoi the Cruncher (Demigod Gladiator)              Turns: 62177, Time: 01:44:31

Health: -4/113     AC: 13    Str: 15    XL:     14   Next: 98%
Magic:  32/33      EV: 15    Int: 28    God:
Gold:   740        SH:  0    Dex: 15    Spells: 9/29 levels left

rFire   . . .      SeeInvis .   r - +0 lajatang
rCold   . . .      Faith    .   (shield currently unavailable)
rNeg    + + .      Spirit   .   S - +0 acid dragon scales
rPois   +          Reflect  .   c - +1 helmet
rElec   .          Harm     .   H - scarf {repulsion}
rCorr   +          Rampage  .   n - +0 pair of gloves
Will    ++++.                   m - +0 pair of boots
Stlth   +++.......              w - amulet of magic regeneration
HPRegen 0.28/turn               s - ring of flight
MPRegen 0.63/turn               h - ring of Incredulity {Wiz Contam rPois rN++ Will+++}

@: flying, very slightly contaminated, repel missiles
A: high MP 2, forlorn, divine attributes, talons 1, clever 1, wild magic 1
a: no special abilities


You were on level 1 of the Swamp.
You visited 4 branches of the dungeon, and saw 23 of its levels.
You also visited: Ice Cave and Volcano.

You collected 2345 gold pieces.
You spent 1605 gold pieces at shops.

Inventory:

Hand Weapons
 a - a +1 quarterstaff of draining
 r - a +0 lajatang (weapon)
Missiles
 d - 7 throwing nets
 f - 9 curare-tipped darts
Armour
 c - a +1 helmet (worn)
 m - a +0 pair of boots (worn)
 n - a +0 pair of gloves (worn)
 H - a scarf of repulsion (worn)
 O - a +2 leather armour of fire resistance
 S - +0 acid dragon scales (worn)
Jewellery
 e - a ring of protection from fire
 h - the ring of Incredulity (right hand) {Wiz Contam rPois rN++ Will+++}
   (You bought it in a shop on level 3 of the Dungeon)

   [ring of wizardry]

   It improves your spell success rate.
   rPois:     It protects you from poison.
   rN:        It greatly protects you from negative energy.
   Contam:    It causes magical contamination when unequipped.
   Will:      It greatly increases your willpower.
 s - a ring of flight (left hand)
 u - a ring of positive energy
 w - an amulet of magic regeneration (around neck)
 y - a ring of resist corrosion
 P - a ring of ice
 T - a +4 ring of protection
Wands
 b - a wand of polymorph (1)
 j - a wand of flame (10)
 v - a wand of charming (4)
 x - a wand of acid (9)
 A - a wand of mindburst (8)
 D - a wand of paralysis (2)
 E - a wand of iceblast (14)
Scrolls
 g - 2 scrolls of blinking
 i - 4 scrolls of identify
 l - 5 scrolls of teleportation
 z - 2 scrolls of fog
 C - 3 scrolls of fear
 G - 3 scrolls of amnesia
 K - a scroll of holy word
 M - a scroll of magic mapping
 R - 5 scrolls of enchant armour
Potions
 k - 6 potions of brilliance
 o - 2 potions of flight
 p - 7 potions of haste
 q - 2 potions of cancellation
 t - 4 potions of curing
 B - 4 potions of heal wounds
 F - 5 potions of ambrosia
 I - 2 potions of resistance
 J - 4 potions of magic
 L - 4 potions of might
Miscellaneous
 Q - a lightning rod (4/4)


   Skills:
 - Level 7.1 Fighting
 - Level 14.0 Staves
 - Level 1.7 Throwing
 - Level 7.9 Armour
 - Level 8.0 Dodging
 - Level 7.0 Stealth
 + Level 8.3 Spellcasting
 * Level 7.5 Conjurations
 - Level 9.0 Hexes
 + Level 2.1 Translocations
 + Level 2.1 Transmutations
 - Level 6.0 Fire Magic
 - Level 3.0 Evocations


You had 9 spell levels left.
You knew the following spells:

 Your Spells              Type           Power      Damage    Failure   Level
a - Slow                  Hex            100%       N/A       1%          1
b - Confusing Touch       Hex            69%        N/A       1%          3
c - Passwall              Tmut/Erth      19%        N/A       4%          2
d - Fireball              Conj/Fire      29%        3d13      6%          5
e - Passage of Golubria   Tloc           30%        N/A       14%         4
f - Yara's Violent Unrav  Hex/Tmut       27%        3d12      11%         5

Your spell library contained the following spells:

 Spells                   Type           Power      Damage    Failure   Level
 Beastly Appendage        Tmut           60%        N/A       1%          1
 Ensorcelled Hibernation  Hex/Ice        94%        N/A       1%          2
 Tukima's Dance           Hex            69%        N/A       1%          3
 Wereblood                Tmut           30%        N/A       2%          2
 Animate Skeleton         Necr           30%        N/A       4%          1
 Pain                     Necr           60%        1d7       4%          1
 Gell's Gravitas          Tloc           30%        N/A       4%          3
 Teleport Other           Tloc           30%        N/A       4%          3
 Iskenderun's Battlesphe  Conj           63%        2d11      4%          5
 Spider Form              Tmut/Pois      23%        N/A       7%          3
 Swiftness                Air            15%        N/A       11%         3
 Vampiric Draining        Necr           15%        2d7       11%         3
 Animate Dead             Necr           7%         N/A       30%         4
 Agony                    Necr           15%        N/A       58%         5
 Borgnjor's Vile Clutch   Necr/Erth      7%         N/A       58%         5
 Excruciating Wounds      Necr           7%         N/A       58%         5
 Conjure Ball Lightning   Conj/Air       21%        3x3d6     65%         6
 Orb of Destruction       Conj           31%        9d10      71%         7
 Dispersal                Tloc           15%        N/A       86%         6
 Death Channel            Necr           7%         N/A       98%         6


Dungeon Overview and Level Annotations

Branches:
Dungeon (13/15)            Temple (0/1) D:5            Lair (6/6) D:10
  Swamp (2/4) Lair:4        Snake (0/4) Lair:2        Slime (0/5) Lair:6
    Orc (2/2) D:11            Elf (0/3) Orc:2         IceCv (visited)
Volcano (visited)
 Vaults: D:13-14

Shops:
D:3 =   D:6 [   D:9 (   Orc:2 ((:!

Annotations:
Lair:5 3 runed translucent doors, RatsInWalls's ghost, journeyman KoWz
Lair:6 2 runed translucent doors


Innate Abilities, Weirdness & Mutations

You have a considerably increased reservoir of magic. (+20% MP)
You shall have no god before yourself.
Your divine heritage dramatically boosts your attributes as you level up.
You have sharp toenails.
Your mind is acute. (Int +2)
Your spells are a little harder to cast, but a little more powerful.


Message History

You barely miss the will-o-the-wisp.
The will-o-the-wisp is heavily damaged.
The will-o-the-wisp misses you.
Unknown command.
You completely miss the will-o-the-wisp.
The will-o-the-wisp is heavily damaged.
Unknown command.
Casting: Fireball (dangerous; 6% risk of failure)
Confirm with . or Enter, or press ? or * to list all spells.
Your hands begin to glow red.
The will-o-the-wisp engulfs you!
* * * LOW HITPOINT WARNING * * *
You closely miss the will-o-the-wisp.
The will-o-the-wisp is heavily damaged.
The will-o-the-wisp engulfs you!
* * * LOW HITPOINT WARNING * * *
Unknown command.
You hit the will-o-the-wisp but do no damage.
The will-o-the-wisp is completely immune to your confusing touch!
The will-o-the-wisp is heavily damaged.
Your hands stop glowing.
The will-o-the-wisp engulfs you but does no damage.
Unknown command.
Press: ? - help, v - describe, . - travel
Here: a will-o-the-wisp (heavily damaged)
The floor.
The will-o-the-wisp gestures.
The will-o-the-wisp conjures some foxfire! 2 foxfires come into view.
You slash the will-o-the-wisp!
The will-o-the-wisp is severely damaged.
The foxfire hits you!
* * * LOW HITPOINT WARNING * * *
The foxfire hits you.
* * * LOW HITPOINT WARNING * * *
The will-o-the-wisp misses you.
The will-o-the-wisp gestures.
The will-o-the-wisp conjures some foxfire! 2 foxfires come into view.
The foxfire hits you!
You die...

...≈≈≈≈≈≈≈♣ ♣♣♣§≈.♣♣.≈≈§.....≈
..§≈≈≈≈≈≈.♣ ♣♣♣♣≈...≈...≈≈≈≈.....
..≈.......♣♣♣≈♣.........≈≈≈≈≈≈≈≈.
.§≈.......≈♣♣♣.≈.............≈≈≈≈
.....≈≈≈≈≈♣♣ ♣........≈♣♣♣...≈.≈≈
♣♣♣≈.≈≈≈≈.♣ ♣♣♣[≈≈.≈♣♣♣♣.≈≈..♣≈≈
♣♣♣..≈≈...♣♣ ♣.≈§≈≈≈♣ ♣.≈≈≈.♣..
.≈♣.≈≈≈≈>..♣♣ ♣.§≈.♣.♣♣♣.§≈≈^♣..
.♣♣.≈≈≈≈....♣♣♣♣@..§.).♣♣≈.≈..≈..
≈...≈≈≈≈≈.≈≈§♣♣≈≈v.♣♣..≈.≈≈.≈§)..
♣......≈♣.≈.♣♣♣≈≈§v♣.≈≈≈≈..♣....≈
♣.≈≈≈♣♣♣♣≈≈♣♣♣♣))≈v§≈≈≈≈≈≈....♣≈≈
≈.≈...♣♣♣♣♣♣♣≈≈.)§>§≈≈≈≈≈≈.......
.....≈.♣§♣ ♣≈≈.^....≈≈≈≈≈.>.....♣
.≈.≈.≈≈..♣ ♣≈.....≈.≈≈≈≈≈....§≈.♣
.♣≈≈...≈.♣ ♣..§.....≈≈≈≈≈≈≈..≈≈..
♣♣≈....≈♣♣ ♣♣.≈≈≈≈≈..≈≈≈≈≈≈...≈≈.


You could see a will-o-the-wisp.

Vanquished Creatures
  Gastronok (Lair:1)
  A bunyip (Swamp:1)
  Snorg (Lair:3)
  A fire dragon (Volcano)
  Fannar (D:12)
  2 boulder beetles
  6 hydras
  2 alligators
  3 centaur warriors (D:13)
  Erica (D:10)
  4 two-headed ogres
  An orc high priest (Orc:2)
  Sonja (D:12)
  7 spriggans
  A goliath frog (Swamp:2)
  Pikel (D:6)
  An orc knight (Orc:2)
  4 lindwurms
  3 bog bodies
  A deep elf pyromancer (D:12)
  6 orc sorcerers (Orc:2)
  2 ugly things (IceCv)
  2 manticores
  3 will-o-the-wisps
  3 ice statues (IceCv)
  4 centaur zombies
  9 elephants
  2 gargoyles (D:10)
  A torpor snail (Lair:5)
  13 black mambas
  2 molten gargoyles (Lair:6)
  18 cane toads
  3 unseen horrors (D:12)
  2 kobold demonologists (D:10)
  An anaconda simulacrum (IceCv)
  18 komodo dragons
  A queen bee (Lair:2)
  6 trolls
  2 polar bears
  9 tyrant leeches
  Prince Ribbit (Lair:3)
  5 meliai
  Grinder (D:3)
  6 slime creatures
  8 hornets
  A dream sheep (Lair:4)
  3 blink frogs
  A shadow (D:12)
  2 wyverns
  A dire elephant simulacrum (IceCv)
  53 yaks
  8 basilisks
  8 steam dragons
  A death yak simulacrum (IceCv)
  8 vampire mosquitoes
  Menkaure (D:4)
  4 swamp worms
  Edmund (D:5)
  An acid dragon (D:12)
  6 wargs
  8 hell hounds
  9 water moccasins
  A floating eye (D:7)
  A swamp drake (Swamp:2)
  A sky beast (D:4)
  2 ice beasts
  A black bear (Lair:5)
  17 orc warriors
  A necrophage (D:4)
  7 ogres
  20 wolves
  A phantom (D:4)
  7 centaurs
  2 kobold brigands
  Blork the orc (D:4)
  2 gnoll sergeants
  A water moccasin zombie (D:5)
  18 bullfrogs
  2 scorpions
  2 water moccasin skeletons
  Dowan (D:4)
  A wyvern skeleton (D:6)
  An elephant simulacrum (IceCv)
  25 killer bees
  10 wights
  4 crimson imps (D:9)
  5 lava snakes (Lair:6)
  A hound (D:4)
  26 orc priests
  A gnoll shaman (D:8)
  Jessica (D:2)
  A scorpion zombie (D:5)
  Natasha (thrice) (D:2)
  Terence (D:2)
  2 iguanas
  41 orc wizards
  5 hell rats (Lair:1)
  5 polar bear simulacra (IceCv)
  A killer bee zombie (D:7)
  A howler monkey zombie (D:9)
  11 gnolls
  12 river rats (Lair:1)
  6 adders
  2 shadow imps
  3 white imps
  An ufetubus (D:6)
  An adder skeleton (D:4)
  3 worms
  6 dart slugs
  65 orcs
  6 endoplasms
  4 giant cockroaches
  4 goblins
  3 hobgoblins
  3 jackals (D:2)
  12 quokkas
  8 ball pythons
  4 bats
  3 frilled lizards
  16 kobolds
  17 rats
700 creatures vanquished.

Vanquished Creatures (others)
  A yak (D:10)
  A wyvern (Lair:6)
  A human (D:13)
  4 killer bees (D:9)
  An orc priest (Orc:2)
  An orc wizard (Orc:2)
  20 foxfires
  40 fungi
  37 plants
106 creatures vanquished.

Grand Total: 806 creatures vanquished

Notes
Turn   | Place    | Note
-------+----------+-------------------------------------------
     0 | D:1      | pkoi the Demigod Gladiator began the quest for the Orb.
     0 | D:1      | Reached XP level 1. HP: 17/17 MP: 3/3
   613 | D:1      | Reached XP level 2. HP: 16/24 MP: 4/4
   815 | D:1      | Reached skill level 3 in Staves
  1579 | D:2      | Noticed Terence
  1754 | D:2      | Reached skill level 1 in Armour
  1754 | D:2      | Reached XP level 3. HP: 15/29 MP: 5/5
  2081 | D:2      | Noticed Natasha
  2090 | D:2      | Killed Natasha
  2313 | D:2      | Noticed Natasha
  2322 | D:2      | Killed Natasha
  2323 | D:2      | Reached XP level 4. HP: 34/37 MP: 6/6
  2411 | D:2      | Noticed Natasha
  2417 | D:2      | Killed Natasha
  2418 | D:2      | Reached skill level 4 in Staves
  3144 | D:2      | Killed Terence
  3436 | D:3      | Noticed Grinder
  3440 | D:3      | Reached XP level 5. HP: 44/44 MP: 7/7
  3670 | D:3      | Noticed Jessica
  3690 | D:2      | Killed Jessica
  3927 | D:3      | Found Miocok's Jewellery Shoppe.
  4465 | D:3      | Noticed Ijyb
  4466 | D:3      | Noticed Ijyb
  4466 | D:3      | Ijyb changed into Ijyb the ball python
  4470 | D:3      | Killed Ijyb the ball python
  4870 | D:4      | Reached XP level 6. HP: 47/51 MP: 8/8
  4914 | D:4      | Reached skill level 5 in Staves
  5482 | D:4      | Noticed Duvessa
  5499 | D:4      | Noticed Duvessa
  5499 | D:4      | Duvessa changed into Duvessa the bullfrog
  5508 | D:4      | Killed Duvessa the bullfrog
  5516 | D:4      | Noticed Dowan
  5571 | D:4      | Killed Dowan
  5935 | D:4      | Noticed Menkaure
  6188 | D:4      | Killed Menkaure
  6189 | D:4      | Reached skill level 6 in Staves
  6189 | D:4      | Reached skill level 1 in Evocations
  6189 | D:4      | Reached XP level 7. HP: 57/57 MP: 9/9
  6262 | D:4      | Noticed Blork the orc
  6273 | D:4      | Killed Blork the orc
  6283 | D:3      | Gained mutation: You have a considerably increased
                  | reservoir of magic. (+20% MP) [potion of mutation]
  6283 | D:3      | Gained mutation: Your spells are a little harder to cast,
                  | but a little more powerful. [potion of mutation]
  6283 | D:3      | Gained mutation: You have sharp toenails. [potion of
                  | mutation]
  6283 | D:3      | Gained mutation: Your mind is acute. (Int +2) [potion of
                  | mutation]
  6566 | D:4      | Learned a level 3 spell: Spider Form
  6568 | D:4      | Learned a level 1 spell: Slow
  6876 | D:5      | Entered Level 5 of the Dungeon
  6904 | D:5      | Noticed Edmund
  8093 | D:4      | Reached skill level 1 in Hexes
  8169 | D:5      | Reached skill level 1 in Spellcasting
  8178 | D:5      | Found a staircase to the Ecumenical Temple.
  8298 | D:5      | Killed Edmund
  8299 | D:5      | Reached XP level 8. HP: 41/63 MP: 9/14
 10223 | D:6      | Reached skill level 7 in Staves
 11471 | D:6      | Reached skill level 5 in Armour
 11550 | D:6      | Found Cemanwocs's Antique Armour Boutique.
 11789 | D:7      | Noticed Pikel
 12092 | D:6      | Learned a level 3 spell: Confusing Touch
 12730 | D:6      | Killed Pikel
 12731 | D:6      | Reached XP level 9. HP: 42/71 MP: 11/18
 13131 | D:7      | Noticed Harold
 13136 | D:7      | Noticed Harold
 13136 | D:7      | Harold changed into Harold the floating eye
 13142 | D:7      | Killed Harold the floating eye
 14093 | D:7      | Reached skill level 1 in Stealth
 15008 | D:7      | Reached skill level 8 in Staves
 17554 | D:9      | Noticed a two-headed ogre
 17563 | D:9      | Killed a two-headed ogre
 17564 | D:9      | Reached skill level 5 in Hexes
 17564 | D:9      | Reached XP level 10. HP: 46/78 MP: 11/19
 18351 | D:9      | Noticed a two-headed ogre
 18378 | D:9      | Killed a two-headed ogre
 18624 | D:9      | Found Koidorah's Antique Weapon Emporium.
 18879 | D:10     | Entered Level 10 of the Dungeon
 19312 | D:10     | Found a staircase to the Lair.
 19397 | D:10     | Reached skill level 9 in Staves
 19589 | D:10     | Reached skill level 5 in Dodging
 21381 | D:10     | Noticed Erica
 21697 | D:10     | Killed Erica
 22142 | Lair:1   | Entered Level 1 of the Lair of Beasts
 22142 | Lair:1   | Found a dark tunnel.
 22152 | Volcano  | Entered a volcano
 22236 | Volcano  | Reached XP level 11. HP: 76/84 MP: 12/22
 22435 | Volcano  | Noticed a lindwurm
 22448 | Volcano  | Killed a lindwurm
 22800 | Volcano  | Noticed a lindwurm
 22801 | Volcano  | Noticed a lindwurm
 23029 | Volcano  | Killed a lindwurm
 23070 | Volcano  | Killed a lindwurm
 23123 | Volcano  | Noticed a fire dragon
 23150 | Volcano  | Killed a fire dragon
 23293 | D:10     | Noticed a boulder beetle
 23306 | D:9      | Learned a level 2 spell: Passwall
 23325 | D:10     | Reached skill level 5 in Fighting
 23879 | D:3      | Bought the ring of Incredulity {Wiz Contam rPois rN++
                  | Will+++} for 630 gold pieces
 25016 | Lair:1   | Noticed a four-headed hydra
 25038 | Lair:1   | Killed a four-headed hydra
 25039 | Lair:1   | Reached skill level 10 in Staves
 25039 | Lair:1   | Reached skill level 5 in Spellcasting
 26292 | Lair:1   | Noticed Gastronok
 26794 | Lair:1   | Killed Gastronok
 27171 | D:10     | Reached XP level 12. HP: 76/95 MP: 16/26
 27876 | Lair:1   | Noticed a six-headed hydra
 27885 | Lair:1   | Killed a six-headed hydra
 28321 | Lair:2   | Reached skill level 5 in Stealth
 29064 | Lair:2   | Found a staircase to the Snake Pit.
 31437 | Lair:3   | Noticed Prince Ribbit
 31461 | Lair:3   | Killed Prince Ribbit
 31462 | Lair:3   | Reached skill level 11 in Staves
 31834 | Lair:3   | Identified the +4 short sword "Undertaker" {vorpal, Contam
                  | rCorr Int+2 SInv}
 31937 | Lair:3   | Noticed Snorg
 31954 | Lair:3   | Killed Snorg
 32338 | Lair:4   | Noticed an eight-headed hydra
 32382 | Lair:4   | Killed an eight-headed hydra
 32776 | Lair:4   | Noticed a four-headed hydra
 32794 | Lair:4   | Killed a four-headed hydra
 32940 | Lair:4   | Found a staircase to the Swamp.
 33752 | Lair:5   | Noticed a seven-headed hydra
 33770 | Lair:5   | Killed a seven-headed hydra
 34186 | Lair:5   | Noticed a boulder beetle
 34727 | Lair:4   | Reached XP level 13. HP: 56/102 MP: 19/30
 36086 | Lair:5   | Reached skill level 12 in Staves
 36105 | Lair:5   | Found a runed translucent gate.
 36106 | Lair:5   | Found a runed translucent gate.
 36107 | Lair:5   | Found a runed translucent gate.
 36107 | Lair:5   | Noticed RatsInWalls's ghost (journeyman KoWz)
 36108 | Lair:5   | Noticed a quicksilver ooze
 36108 | Lair:5   | Noticed an acid blob
 36109 | Lair:5   | Noticed an acid blob
 36109 | Lair:5   | Noticed an acid blob
 36109 | Lair:5   | Noticed an azure jelly
 36110 | Lair:5   | Noticed an acid blob
 36110 | Lair:5   | Noticed an azure jelly
 38439 | Lair:5   | Learned a level 5 spell: Fireball
 38470 | Lair:6   | Entered Level 6 of the Lair of Beasts
 38502 | Lair:6   | Found a staircase to the Slime Pits.
 39206 | Lair:5   | Reached skill level 1 in Conjurations
 39206 | Lair:5   | Reached skill level 1 in Fire Magic
 40762 | Lair:6   | HP: 2/105 [komodo dragon (22)]
 41327 | Lair:6   | Found a large runed translucent door.
 41327 | Lair:6   | Found a large runed translucent door.
 42261 | D:11     | Found a staircase to the Orcish Mines.
 42857 | D:11     | Identified the +7 long sword "Cuddaim" {freeze, rPois Will+
                  | Str-3 Int+6}
 43886 | D:12     | Noticed Sonja
 43940 | D:12     | Killed Sonja
 43941 | D:12     | Reached XP level 14. HP: 29/113 MP: 15/32
 44551 | D:3      | Killed Grinder
 44569 | D:3      | Found Miocok's Jewellery Shoppe.
 45568 | Orc:1    | Entered Level 1 of the Orcish Mines
 45601 | Orc:1    | Reached skill level 13 in Staves
 46921 | Orc:2    | Entered Level 2 of the Orcish Mines
 47589 | Orc:2    | Found a frozen archway.
 47600 | IceCv    | Entered an ice cave
 49388 | IceCv    | Identified the -6 pair of boots of Lust {SInv}
 51960 | Orc:2    | Reached skill level 5 in Conjurations
 51960 | Orc:2    | Reached skill level 5 in Fire Magic
 53164 | Orc:2    | Found Ixzidebb's Book Emporium.
 53164 | Orc:2    | Found Atyt's Antique Weapon Shoppe.
 53165 | Orc:2    | Found Byanu's Antique Weapon Shoppe.
 53169 | Orc:2    | Found Diseh's Distillery.
 53181 | Orc:2    | Bought 2 potions of haste for 220 gold pieces
 53181 | Orc:2    | Bought a potion of haste for 110 gold pieces
 53181 | Orc:2    | Bought a potion of heal wounds for 55 gold pieces
 53181 | Orc:2    | Bought a potion of haste for 110 gold pieces
 53281 | Orc:2    | Found a staircase to the Elven Halls.
 53543 | D:12     | Noticed Fannar
 53548 | D:12     | Killed Fannar
 54179 | D:12     | Found the +8 frozen axe "Frostbite" {freezing cloud, *Noise
                  | Fly rC+}
 56998 | Swamp:1  | Entered Level 1 of the Swamp
 57290 | Lair:4   | Reached skill level 14 in Staves
 57670 | Orc:2    | Bought Great Wizards, Vol. VII for 480 gold pieces
 57675 | Orc:2    | Learned a level 4 spell: Passage of Golubria
 57681 | Orc:2    | Learned a level 5 spell: Yara's Violent Unravelling
 59336 | Swamp:1  | Reached skill level 1 in Translocations
 59336 | Swamp:1  | Reached skill level 1 in Transmutations
 62174 | Swamp:1  | HP: 5/113 [will-o-the-wisp/foxfire (2)]
 62177 | Swamp:1  | Killed from afar by a will-o-the-wisp

Illustrated notes

Levels and vault maps discovered:
D:1:      dpeg_arrival_prison, layout_basic, basic_ecumenical_altar,
          wander_ebering_terrifying_dragon_lair
D:2:      layout_loops_ring, kennysheep_cluttered_room, uniq_terence,
          uniq_natasha
D:3:      layout_basic, nicolae_overflow_hallway_of_the_gods, serial_shops,
          shop_statue, minmay_unequal, uniq_ijyb, uniq_jessica, uniq_grinder
D:4:      cheibrodos_pilgrimage, layout_cave_pods, uniq_menkaure,
          uniq_blork_the_orc, uniq_duvessa
D:5:      layout_cave_pools, minmay_temple_entry_sparse_star, uniq_edmund
D:6:      layout_basic, serial_shops, shop, wad_floor_pattern_1
D:7:      layout_rooms, grunt_temple_overflow_opulence, uniq_harold, uniq_pikel
D:8:      layout_basic, kennysheep_flooded_box, nicolae_figureground_pulse
D:9:      layout_rooms, led_xom_imps, serial_shops, nicolae_take_the_stairs
D:10:     layout_irregular_city, grunt_temple_overflow_open, lair_entry_dummy,
          roderic_filled_cross, minmay_starry_boxes, uniq_erica
D:11:     layout_rooms, erik_orc_4
D:12:     layout_rooms, uniq_sonja, uniq_fannar
D:13:     layout_roguey, ximxim_vaults_locker_room
Lair:1:   lemuel_ratsnest, layout_regular_city, nicolae_volcano_entry_two_sided,
          st_stairs_8, uniq_gastronok
Lair:2:   layout_concentric_octagons, dummy_snake_entry, special_room
          [special_room_bee], serial_bayou_shore_b
Lair:3:   layout_misc_corridors, uniq_prince_ribbit2, uniq_snorg
Lair:4:   layout_cave_pods, minmay_swamp_entry_wisps
Lair:5:   wad_woods_structure_01, layout_gridlike, gammafunk_ghost_ooze,
          beast_lair_carwin_10
Lair:6:   cheibrodos_lair_end_hotspot, layout_misc_corridors, slime_altar_1,
          st_stairs_6, lemuel_fruit_tree
Swamp:1:  layout_basic_swamp, infiniplex_staircase_pool
Swamp:2:  layout_falls_marsh, nicolae_swamp_ascending_descending_big
Orc:1:    layout_caves, basic_altar
Orc:2:    st_orc_mages, layout_caves, portal_ice_cave_entry_pillars_2

Skill      XL: |  1  2  3  4  5  6  7  8  9 10 11 12 13 14 |
---------------+-------------------------------------------+-----
Fighting       | 2 3 4 5 6 7 |  7.1
Staves         | 3 4 6 7 8 9 10 11 12 14 | 14.0
Dodging        | 3 5 6 7 8 |  8.0
Armour         | 1 2 3 4 5 6 7 |  7.9
Evocations     | 1 2 3 |  3.0
Hexes          | 1 3 5 6 8 9 |  9.0
Spellcasting   | 1 3 4 5 7 8 |  8.3
Stealth        | 3 4 6 7 |  7.0
Conjurations   | 3 7 |  7.5
Fire Magic     | 3 6 |  6.0
Translocations | 2 |  2.1
Transmutations | 2 |  2.1
Throwing       | |  1.7

Action                   |  1- 3 |  4- 6 |  7- 9 | 10-12 | 13-15 || total
-------------------------+-------+-------+-------+-------+-------++-------
Melee: Quarterstaff      |   118 |   157 |   574 |  1191 |    12 ||  2052
       Unarmed           |       |     1 |       |       |       ||     1
       Lajatang          |       |       |       |    59 |  1269 ||  1328
 Cast: Slow              |       |       |    32 |    43 |    22 ||    97
       Confusing Touch   |       |       |    21 |   130 |   135 ||   286
       Fireball          |       |       |       |       |   167 ||   167
Evoke: Wand              |       |     6 |     6 |    13 |    10 ||    35
  Use: Scroll            |       |    12 |     8 |     5 |     5 ||    30
       Potion            |       |       |     6 |     2 |     1 ||     9
 Stab: Confused          |       |       |    16 |   145 |   144 ||   305
       Sleeping          |       |       |       |     8 |    11 ||    19
       Distracted        |       |       |       |     1 |     1 ||     2
Armor: Ring mail         |    24 |       |   191 |       |       ||   215
       Leather armour    |     1 |    37 |    40 |   290 |   320 ||   688
       Chain mail        |    31 |    26 |       |       |       ||    57
       Skin              |       |     2 |     3 |       |       ||     5
       Acid dragon scale |       |       |       |       |    54 ||    54
Dodge: Dodged            |    72 |    80 |   328 |   760 |   737 ||  1977
       Repelled          |       |       |       |       |    14 ||    14
